 Dungeon Crawl Stone Soup version 0.25-a0-435-g4b9beb1024 (webtiles) character file.

Game seed: 18049155313273258349, levelgen mode: deterministic

13876 Lugonue the Grappler (level 11, -3/97 (98) HPs)
             Began as a Troll Fighter on Jan 27, 2020.
             Was the Champion of Qazlal.
             Slain by a basilisk (8 damage)
             ... while petrified by a basilisk
             ... on level 1 of the Lair of Beasts.
             The game lasted 00:25:43 (8419 turns).

Lugonue the Grappler (Troll Fighter)                Turns: 8419, Time: 00:25:44

HP:   -3/97 (98)    AC: 11    Str: 26    XL:     11   Next: 81%
MP:   11/11         EV:  1    Int:  9    God:    Qazlal [******]
Gold: 1383          SH:  0    Dex: 12    Spells: 10/10 levels left

rFire    . . .     SeeInvis .     - Unarmed
rCold    . . .     Gourm    +   b - +1 shield
rNeg     + + +     Faith    .   y - +1 robe of Xytaxt {+Inv rElec Slay+3}
rPois    ∞         Spirit   .   (helmet restricted)
rElec    +         Reflect  +   a - +0 cloak
rCorr    .         Harm     .   (gloves unavailable)
MR       .....                  (boots unavailable)
Stlth    +.........             e - +5 amulet of reflection
HPRegen  0.66/turn              B - +5 ring of intelligence
MPRegen  0.12/turn              G - +2 ring of evasion

@: lethally poisoned (-3 -> -3), petrified, protected from physical damage,
repel missiles
A: large, unfitting armour, claws 3, fast metabolism 3, gourmand, regeneration
1, shaggy fur 1, tough skin 3
a: Upheaval, Elemental Force, Disaster Area, Renounce Religion, Evoke
Invisibility


You were on level 1 of the Lair of Beasts.
You worshipped Qazlal.
Qazlal was exalted by your worship.
You were very full.

You visited 3 branches of the dungeon, and saw 13 of its levels.
You also visited: Ossuary.

You collected 1383 gold pieces.

Inventory:

Hand Weapons
 D - the +7 sceptre of Torment {pain, torment}
   (You found it on level 5 of the Dungeon)

   In the hands of one skilled in necromantic magic, it inflicts extra damage on
   living creatures.
Missiles
 c - 5 large rocks (quivered)
Armour
 a - a +0 cloak (worn)
 b - a +1 shield (worn)
 y - the +1 robe of Xytaxt (worn) {+Inv rElec Slay+3}
   (You took it off a gnoll on level 4 of the Dungeon)

   It affects your accuracy and damage with ranged weapons and melee attacks
   (+3).
   It insulates you from electricity.
   It lets you turn invisible.
   If you remove this armour, your AC will fall 3 points (11 -> 8)
Jewellery
 e - a +5 amulet of reflection (around neck)
 k - an uncursed ring of protection from cold
 n - an uncursed ring of flight
 u - an uncursed ring of poison resistance
 z - an uncursed ring of protection from cold
 B - a +5 ring of intelligence (left claw)
 C - a +5 ring of intelligence
 E - an uncursed ring of resist corrosion
 G - a +2 ring of evasion (right claw)
Wands
 v - a wand of acid (20)
 A - a wand of flame (24)
 K - a wand of polymorph (8)
Scrolls
 g - 3 scrolls of remove curse
 i - 6 scrolls of teleportation
 j - 5 scrolls of enchant armour
 m - 2 scrolls of identify
 p - a scroll of amnesia
 w - 2 scrolls of fog
 x - a scroll of fear
 L - a scroll of blinking
Potions
 d - a potion of ambrosia
 f - 2 potions of invisibility
 h - 2 potions of brilliance
 l - 7 potions of curing
 o - a potion of cancellation {unknown}
 q - 3 potions of mutation
 r - a potion of flight
 t - 4 potions of heal wounds
 F - 2 potions of lignification
 H - a potion of haste
 J - a potion of resistance {unknown}
Comestibles
 s - 12 rations


   Skills:
 + Level 3.8 Fighting
 + Level 2.1 Throwing
 + Level 7.0 Dodging
 - Level 9.0 Shields
 - Level 13.2 Unarmed Combat
 + Level 1.8 Invocations


You had 10 spell levels left.
You didn't know any spells.
Your spell library contained the following spells:

 Spells                   Type           Power        Failure   Level  Hunger
 Foxfire                  Conj/Fire      #...         38%         1    ##.....
 Magic Dart               Conj           #...         38%         1    ##.....
 Searing Ray              Conj           #.....       52%         2    ###....
 Conjure Flame            Conj/Fire      #.......     77%         3    ####...
 Dazzling Flash           Conj/Hex       #.....       77%         3    ####...
 Inner Flame              Hex/Fire       #.......     77%         3    ####...
 Fulminant Prism          Conj/Hex       #.........   99%         4    #####..
 Iskenderun's Mystic Bla  Conj/Tloc      #.......     99%         4    #####..
 Sticky Flame             Conj/Fire      #.......     99%         4    #####..
 Fireball                 Conj/Fire      #.........   100%        5    ######.


Dungeon Overview and Level Annotations

Branches:
Dungeon (10/15)            Temple (0/1) D:5            Lair (1/6) D:10
    Orc (2/2) D:9         Ossuary (visited)
    Elf: Orc:2

Altars:
Gozag
Kikubaaqudgha
Makhleb
Nemelex Xobeh
Okawaru
Qazlal
Ru
Uskayaw
Vehumet
Wu Jian
Xom
Yredelemnul
The Shining One

Annotations:
D:4 exclusion: statue
Orc:2 Azrael


Innate Abilities, Weirdness & Mutations

You are too large for most types of armour.
You have claws for hands.
Your metabolism is lightning-fast.
You like to eat raw meat.
Your natural rate of healing is unusually fast.
You are covered in fur. (AC +1)
You have extremely tough skin. (AC +3)


Message History

The basilisk gazes at you. You resist with some effort.
The spiny frog stings you but does no damage.
The yak gores you.
You feel more protected from physical attacks.
The spiny frog stings you!! x2
* * * LOW HITPOINT WARNING * * *
The basilisk bites you!
* * * LOW HITPOINT WARNING * * *
You feel more protected from physical attacks.
A basilisk comes into view.
The spiny frog stings you!
* * * LOW HITPOINT WARNING * * *
The yak gores you.
* * * LOW HITPOINT WARNING * * *
You feel more protected from physical attacks.
The spiny frog stings you!
* * * LOW HITPOINT WARNING * * *
The basilisk bites you!
You die...

..l............#
..............P#
..............###
.................
...$......≈≈≈....
.....○○°°≈≈≈≈≈..#
......lYF≈≈≈≈≈≈≈.
......F@○☼≈≈≈≈≈..
......○†..≈≈≈≈≈≈.
.....○§..<≈≈≈≈≈≈.
..........≈≈≈≈≈≈.
......#..≈≈≈≈≈≈..
.......#..≈≈≈≈≈.#
..........#.≈...#
.........###.###.
.......#. .#


You could see a yak, 2 spiny frogs and 2 basilisks.

Vanquished Creatures
  Harold (D:9)
  A hydra (D:10)
  Erolcha (Orc:2)
  An orc knight (Orc:2)
  An orc sorcerer (Orc:1)
  A cyclops (Orc:2)
  A komodo dragon (Lair:1)
  2 trolls (Orc:1)
  A hippogriff (D:9)
  Sigmund (D:6)
  3 fire elementals (Orc:2)
  9 yaks
  Eustachio (D:6)
  Edmund (D:4)
  Menkaure (D:4)
  2 wargs (Orc:2)
  3 water moccasins
  3 hell hounds (Orc:2)
  A sky beast (D:7)
  A porcupine (Lair:1)
  A hornet zombie (D:9)
  15 orc warriors
  An ice beast (D:7)
  2 phantoms
  4 necrophages
  12 ogres
  2 centaurs
  A crocodile (D:10)
  A big kobold (D:9)
  2 bullfrogs (D:8)
  An elf zombie (Ossuary)
  A wyvern skeleton (D:10)
  A water moccasin skeleton (D:8)
  4 scorpions
  7 wights
  An electric eel (Lair:1)
  5 crimson imps
  A centaur skeleton (D:10)
  3 centaur zombies
  18 orc wizards
  A bullfrog skeleton (D:6)
  5 jellies
  2 bullfrog zombies (D:9)
  11 orc priests
  Crazy Yiuf (D:5)
  4 hounds
  An iguana (D:7)
  Ijyb (D:5)
  4 worker ants
  3 big kobold zombies (Ossuary)
  2 hound skeletons
  5 mummies
  Robin (D:4)
  2 worker ant zombies
  7 gnolls (D:4)
  2 howler monkey skeletons (D:4)
  13 adders
  3 shadow imps
  6 oozes
  4 adder zombies
  An adder skeleton (D:9)
  4 dart slugs
  3 leopard geckos
  65 orcs
  6 bats
  3 giant cockroaches
  19 goblins
  6 hobgoblins
  7 jackals
  4 quokkas
  3 ball pythons
  A ball python skeleton (D:4)
  8 frilled lizards
  A giant cockroach zombie (D:6)
  A goblin zombie (Ossuary)
  2 hobgoblin zombies (Ossuary)
  A jackal zombie (D:5)
  16 kobolds
  A kobold zombie (Ossuary)
  A leopard gecko zombie (D:5)
  2 orc zombies (Ossuary)
  A quokka zombie (D:9)
  6 rats
  A rat zombie (Ossuary)
360 creatures vanquished.

Vanquished Creatures (others)
  An orc (Orc:2)
1 creature vanquished.

Grand Total: 361 creatures vanquished

Notes
Turn   | Place    | Note
-------+----------+-------------------------------------------
     0 | D:1      | Lugonue the Troll Fighter began the quest for the Orb.
     0 | D:1      | Reached XP level 1. HP: 22/22 MP: 0/0
   403 | D:1      | Reached XP level 2. HP: 29/29 MP: 1/1
   865 | D:2      | Found a faded altar of an unknown god.
   903 | D:2      | Became a worshipper of Qazlal Stormbringer
   903 | D:2      | Reached * piety under Qazlal
   945 | D:2      | Reached XP level 3. HP: 36/36 MP: 2/2
   989 | D:2      | Found a sparkling altar of Nemelex Xobeh.
  1197 | D:2      | Reached ** piety under Qazlal
  1408 | D:2      | Reached XP level 4. HP: 45/45 MP: 3/3
  1420 | D:2      | Reached skill level 3 in Unarmed Combat
  1637 | D:3      | Found an opulent altar of Gozag.
  1780 | D:3      | Found a sacrificial altar of Ru.
  2173 | D:4      | Reached XP level 5. HP: 36/53 MP: 4/4
  2178 | D:4      | Reached skill level 4 in Unarmed Combat
  2358 | D:4      | Found a shimmering altar of Xom.
  2420 | D:4      | Noticed Menkaure
  2425 | D:4      | Killed Menkaure
  2425 | D:4      | Reached XP level 6. HP: 61/61 MP: 5/5
  2452 | D:4      | Reached skill level 5 in Unarmed Combat
  2496 | D:4      | Identified the cursed +1 robe of Xytaxt {+Inv rElec Slay+3}
  2627 | D:4      | Found a radiant altar of Vehumet.
  2671 | D:4      | Noticed Robin
  2673 | D:4      | Noticed Edmund
  2674 | D:4      | Reached *** piety under Qazlal
  2697 | D:4      | Killed Robin
  2707 | D:4      | Killed Edmund
  2707 | D:4      | Reached XP level 7. HP: 65/67 MP: 6/6
  2770 | D:4      | Found a sparkling altar of Nemelex Xobeh.
  3212 | D:5      | Entered Level 5 of the Dungeon
  3249 | D:5      | Reached skill level 5 in Shields
  3249 | D:5      | Reached skill level 6 in Unarmed Combat
  3261 | D:5      | Found a basalt altar of Yredelemnul.
  3572 | D:5      | Found a staircase to the Ecumenical Temple.
  3606 | D:5      | Found a glowing golden altar of the Shining One.
  3691 | D:5      | Noticed Ijyb
  3708 | D:5      | Killed Ijyb
  3708 | D:5      | Reached XP level 8. HP: 17/75 MP: 7/7
  3965 | D:5      | Found a runed translucent door.
  3966 | D:5      | Found the +7 sceptre of Torment {pain, torment}
  3966 | D:5      | Noticed Crazy Yiuf
  3980 | D:5      | Killed Crazy Yiuf
  3980 | D:5      | Reached skill level 7 in Unarmed Combat
  4144 | D:6      | Noticed Eustachio
  4161 | D:6      | Killed Eustachio
  4161 | D:6      | Reached **** piety under Qazlal
  4249 | D:6      | Reached skill level 8 in Unarmed Combat
  4292 | D:6      | Found a hide-covered altar of Uskayaw.
  4388 | D:6      | Noticed Sigmund
  4437 | D:6      | Killed Sigmund
  4458 | D:6      | Found an ornate altar of the Wu Jian Council.
  4499 | D:6      | Found a burning altar of Makhleb.
  4697 | D:7      | Reached XP level 9. HP: 83/83 MP: 8/8
  4701 | D:7      | Reached skill level 9 in Unarmed Combat
  5632 | D:8      | Reached ***** piety under Qazlal
  5659 | D:8      | Found a sand-covered staircase.
  5688 | Ossuary  | Entered an ossuary
  5701 | Ossuary  | Reached skill level 10 in Unarmed Combat
  6325 | D:9      | Reached XP level 10. HP: 91/91 MP: 9/9
  6343 | D:9      | Reached skill level 11 in Unarmed Combat
  6421 | D:9      | Found a staircase to the Orcish Mines.
  6428 | Orc:1    | Entered Level 1 of the Orcish Mines
  6450 | Orc:1    | Reached ****** piety under Qazlal
  6458 | Orc:1    | Reached skill level 12 in Unarmed Combat
  6480 | Orc:1    | Noticed an orc sorcerer
  6488 | Orc:1    | Noticed a rust devil
  6488 | Orc:1    | Killed an orc sorcerer
  6827 | Orc:2    | Entered Level 2 of the Orcish Mines
  6827 | Orc:2    | Noticed a cyclops
  6832 | Orc:2    | Killed a cyclops
  6861 | Orc:2    | Noticed Erolcha
  6869 | Orc:2    | Killed Erolcha
  6869 | Orc:2    | Reached skill level 13 in Unarmed Combat
  6869 | Orc:2    | Reached XP level 11. HP: 97/97 MP: 10/10
  7008 | Orc:2    | Noticed an orc knight
  7019 | Orc:2    | Killed an orc knight
  7039 | Orc:2    | Noticed Azrael
  7201 | D:9      | Reached skill level 1 in Invocations
  7215 | D:9      | Reached skill level 1 in Throwing
  7374 | D:9      | Noticed Harold
  7390 | D:9      | Killed Harold
  7390 | D:9      | Reached skill level 5 in Dodging
  7437 | D:9      | Found an ancient bone altar of Kikubaaqudgha.
  7734 | D:10     | Entered Level 10 of the Dungeon
  7923 | D:10     | Found a staircase to the Lair.
  7994 | D:10     | Found the +15 Maxwell's patent armour {-Cast -Tele rElec
                  | MR+ rCorr}
  7998 | D:10     | Noticed a four-headed hydra
  8012 | D:10     | Killed a five-headed hydra
  8072 | D:10     | Found an iron altar of Okawaru.
  8390 | Lair:1   | Entered Level 1 of the Lair of Beasts
  8419 | Lair:1   | Slain by a basilisk

Levels and vault maps discovered:
D:1:      lemuel_arrival_river_ford, layout_basic, corexii_corridor_pit
D:2:      layout_basic, old_standard_altar, chequers_ecumenical_altar_grove
D:3:      layout_basic, nicolae_gozag_cash_rules_everything_around_me,
          nicolae_ru_great_annihilating_truth
D:4:      layout_layer_cave, overflow_temple_1_default, vehumet_statue,
          grunt_ministairs_3, nemelex_lonely_heart_becter, uniq_menkaure,
          uniq_robin, uniq_edmund
D:5:      lemuel_upstairs_altar, layout_basic, yredelemnul_altar_generic,
          minmay_temple_entry_gardened_gates, first_ration, basic_altar,
          chequers_jeans, corexii_hall_statues_l, palyth_stone_intersect,
          kennysheep_generic_room_9, uniq_ijyb, uniq_crazy_yiuf_cottage
D:6:      layout_rooms, kennysheep_mini, eat_drink_and_be_merry_uskayaw,
          nicolae_overflow_crystal_walls, uniq_sigmund, uniq_eustachio
D:7:      layout_basic
D:8:      layout_basic, nicolae_overflow_hidden_temple,
          chequers_ossuary_entry_cave
D:9:      layout_irregular_city, kiku_gazebo_garden_becter, hiddenorc2_lemuel,
          serial_undead, serial_undead_c, serial_undead_d, serial_undead_d,
          serial_undead_a, hangedman_little_slice_of_home,
          kennysheep_generic_room_13, uniq_harold
D:10:     layout_irregular_city, lair_entry_dummy, okawaru_trees_2
Lair:1:   layout_cave_shapes, grunt_megastairs_1, serial_bayou_shore_a,
          infiniplex_staircase_pool
Orc:1:    layout_caves
Orc:2:    st_orc_congregation, layout_caves, serial_shops, shop, uniq_erolcha,
          uniq_azrael

Skill      XL: |  1  2  3  4  5  6  7  8  9 10 11 |
---------------+----------------------------------+-----
Shields        | 3 4 5 6 8 9 |  9.0
Fighting       | 3 |  3.8
Unarmed Combat | 3 4 5 6 8 10 13 | 13.2
Dodging        | 3 7 |  7.0
Invocations    | 1 |  1.8
Throwing       | 2 |  2.1

Action                   |  1- 3 |  4- 6 |  7- 9 | 10-12 || total
-------------------------+-------+-------+-------+-------++-------
Melee: Unarmed           |   114 |   168 |   311 |   307 ||   900
Throw: Large rock        |       |       |     1 |     7 ||     8
Invok: Elemental Force   |       |       |       |     1 ||     1
  Use: Scroll            |       |       |    18 |     6 ||    24
       Potion            |       |       |       |     3 ||     3
 Stab: Paralysed         |       |     1 |       |       ||     1
       Invisible         |       |       |       |     1 ||     1
  Eat: Chunk             |     6 |    21 |    33 |    19 ||    79
       Ration            |     1 |       |       |       ||     1
Armor: Robe              |    26 |    35 |    42 |    21 ||   124
Dodge: Dodged            |    19 |    27 |    46 |    55 ||   147
       Deflected         |       |       |       |     1 ||     1
Block: Shield            |   103 |   145 |   275 |   255 ||   778
       Reflection        |     6 |     2 |     8 |    10 ||    26

Table legend:
 A = Non-vault XP
 B = Vault XP
 C = Vault XP percentage of total XP
 D = Non-vault monster count
 E = Vault monster count
 F = Vault count percentage of total count
                 A         B        C        D         E       F
            +---------+---------+-------+---------+---------+-------
      Total |   14064 |    5759 |  29.1 |     261 |     100 |  27.7
            +---------+---------+-------+---------+---------+-------
        D:1 |      21 |       0 |   0.0 |       9 |       0 |   0.0
        D:2 |      91 |       0 |   0.0 |      31 |       0 |   0.0
        D:3 |      63 |       6 |   8.7 |      18 |       4 |  18.2
        D:4 |     231 |     397 |  63.2 |      21 |      16 |  43.2
        D:5 |     651 |      76 |  10.5 |      20 |       2 |   9.1
        D:6 |     764 |     419 |  35.4 |      19 |       2 |   9.5
        D:7 |    1050 |       0 |   0.0 |      19 |       0 |   0.0
        D:8 |    1174 |       0 |   0.0 |      25 |       0 |   0.0
        D:9 |    1379 |    2717 |  66.3 |      24 |      53 |  68.8
       D:10 |    2822 |       0 |   0.0 |      17 |       0 |   0.0
     Lair:1 |     960 |       0 |   0.0 |       5 |       0 |   0.0
      Orc:1 |    2393 |       0 |   0.0 |      35 |       0 |   0.0
      Orc:2 |    2465 |    1891 |  43.4 |      18 |       7 |  28.0
    Ossuary |       0 |     253 | 100.0 |       0 |      16 | 100.0
            +---------+---------+-------+---------+---------+-------
